 Dungeon Sprint DCSS version 0.17-a0-1635-gd4e48f1 (webtiles) character file.

62 Kidiri the Shield-Bearer (level 4, -2/28 HPs)
             Began as a Gargoyle Fighter on Aug 4, 2015.
             Was an Initiate of Okawaru.
             Slain by an orc warrior
             ... wielding a +0 dire flail
              (16 damage)
             ... in the Dungeon (Sprint IX: "|||||||||||||||||||||||||||||").
             The game lasted 00:01:18 (233 turns).

Kidiri the Shield-Bearer (Gargoyle Fighter)          Turns: 233, Time: 00:01:18

Health: -2/28      AC: 13    Str: 23    XL:     4   Next: 8%
Magic:  4/4        EV: 10    Int:  9    God:    Okawaru [......]
Gold:   0          SH: 10    Dex:  9    Spells: 0 memorised, 3 levels left

rFire  . . .     SeeInvis .     q - +2 morningstar (crush)
rCold  . . .     Clarity  .     r - +1 scale mail
rNeg   + . .     SustAt   .     c - +0 shield
rPois  ∞         Gourm    .     (no helmet)
rElec  +         Spirit   .     (no cloak)
rCorr  .         Warding  .     (no gloves)
rMut   .         NoTele   +     a - +0 pair of boots
MR     .....                    (no amulet)
Stlth  ..........               b - +2 ring of evasion
                                s - +3 ring of strength

@: not resistant to hostile enchantments, extremely unstealthy
A: negative energy resistance 1, electricity resistance, unbreathing,
petrification resistance, rot immunity, AC +3
a: Renounce Religion


You were in the Dungeon.
You worshipped Okawaru.
Okawaru was noncommittal.
You were not hungry.

You visited 1 branch

Inventory:

Hand weapons
 q - a +2 morningstar of crushing (weapon)
Armour
 a - a +0 pair of boots (worn)
 c - a +0 shield (worn)
 r - a +1 scale mail (worn)
Jewellery
 b - a +2 ring of evasion (right hand)
 s - a +3 ring of strength (left hand)
Magical devices
 p - a wand of cold (7)
Scrolls
 k - 2 scrolls of blinking
 n - 3 scrolls of remove curse
 o - 2 scrolls of amnesia
Potions
 d - a potion of might
 f - 4 potions of curing
 g - 3 potions of heal wounds
 h - a potion of haste
 i - 4 potions of magic
 j - a potion of berserk rage
 m - a potion of invisibility
Comestibles
 e - a bread ration
 l - 7 chunks of flesh


   Skills:
 - Level 3.2 Fighting
 + Level 3.4 Maces & Flails
 * Level 5.8 Armour
 + Level 2.2 Dodging
 * Level 5.9 Shields
 + Level 0.0 Invocations


You had 3 spell levels left.
You didn't know any spells.

Dungeon Overview and Level Annotations

Branches:
Dungeon (1/1)

Altars:
Cheibriados
Dithmenos
Elyvilon
Fedhas
Gozag
Kikubaaqudgha
Makhleb
Nemelex Xobeh
Okawaru
Qazlal
Ru
Sif Muna
Trog
Vehumet
Xom
Yredelemnul
Zin
The Shining One
Beogh
Jiyva
Lugonu


Innate Abilities, Weirdness & Mutations

You are resistant to torment.
Your stone body is resilient (AC +3).
You are immune to poison.
You resist negative energy.
You are resistant to electric shocks.
You can survive without breathing.
You are immune to petrification.
You are immune to rotting.


Message History

The orc warrior is moderately wounded.
The orc warrior barely misses you.
You hit the orc warrior.
The orc warrior is moderately wounded.
You block the orc warrior's attack.
You hit the orc warrior.
The orc warrior is severely wounded.
You block the orc warrior's attack.
You hit the orc warrior but do no damage.
The orc warrior is severely wounded.
The orc warrior hits you with a dire flail!
Some of the chunks of flesh in your inventory have rotted away.
Drink which item? (? for menu, Esc to quit)
You feel better.
The orc warrior hits you with a dire flail.
You barely miss the orc warrior.
The orc warrior is severely wounded.
The orc warrior hits you with a dire flail!
Ouch! That really hurt!
You die... ▓▓▓▓▓▓▓▓▓▓▓▓▓▓▓▓▓▓▓▓▓▓▓▓ _______'..|).[[.@oOcocY. ▓▓▓▓▓▓▓▓▓▓▓▓▓▓▓▓▓▓▓▓▓▓▓▓

You could see a yak, a two-headed ogre, an orc warrior, 2 centaurs and an orc.

Vanquished Creatures
  A hound (D)
  A worker ant (D)
  2 giant geckos (D)
  A quokka (D)
  2 goblins (D)
  2 kobolds (D)
  A rat (D)
10 creatures vanquished.

Notes
Turn   | Place    | Note
--------------------------------------------------------------
     0 | D        | Kidiri the Gargoyle Fighter began the quest for the Orb.
     0 | D        | Reached XP level 1. HP: 14/14 MP: 1/1
    16 | D        | Reached skill level 1 in Dodging
    40 | D        | Noticed a worker ant
    40 | D        | Noticed a hound
    51 | D        | Killed a worker ant
    51 | D        | Reached skill level 5 in Armour
    51 | D        | Reached skill level 5 in Shields
    51 | D        | Reached XP level 2. HP: 10/19 MP: 2/2
    51 | D        | Reached XP level 3. HP: 12/23 MP: 3/3
    60 | D        | Killed a hound
    60 | D        | Reached XP level 4. HP: 14/28 MP: 4/4
    75 | D        | Found a glowing silver altar of Zin.
    75 | D        | Found a glowing golden altar of the Shining One.
    75 | D        | Found an ancient bone altar of Kikubaaqudgha.
    75 | D        | Found a basalt altar of Yredelemnul.
    75 | D        | Found a shimmering altar of Xom.
    75 | D        | Found a radiant altar of Vehumet.
    76 | D        | Found an iron altar of Okawaru.
    77 | D        | Found a burning altar of Makhleb.
    78 | D        | Found a deep blue altar of Sif Muna.
    79 | D        | Found a bloodstained altar of Trog.
    80 | D        | Found a sparkling altar of Nemelex Xobeh.
    81 | D        | Found a white marble altar of Elyvilon.
    82 | D        | Found a roughly hewn altar of Beogh.
    83 | D        | Found a viscous altar of Jiyva.
    84 | D        | Became a worshipper of Warmaster Okawaru
    85 | D        | Found a corrupted altar of Lugonu.
    86 | D        | Found a blossoming altar of Fedhas.
    87 | D        | Found a snail-covered altar of Cheibriados.
    88 | D        | Found a shadowy altar of Dithmenos.
    89 | D        | Found a stormy altar of Qazlal.
    90 | D        | Found an opulent altar of Gozag.
    91 | D        | Found a sacrificial altar of Ru.
   223 | D        | Noticed an orc warrior
   223 | D        | Noticed a two-headed ogre
   223 | D        | Noticed a centaur
   223 | D        | Noticed a centaur
   223 | D        | Noticed a yak
   233 | D        | Slain by an orc warrior

Vault maps used:
D:        linesprint

Action                   |  1- 3 |  4- 6 || total
-------------------------+-------+-------++-------
Melee: Flail             |    32 |     4 ||    36
       Morningstar       |       |     9 ||     9
  Use: Potion            |       |     1 ||     1
